 Dungeon Crawl Stone Soup version 0.31-a0-845-g9abc20d24f (webtiles) character file.

Game seed: 4296107584148768831

82877 Shayle the Lord of Darkness (level 15, -7/122 HPs)
             Began as a Demonspawn Reaver on Sept 30, 2023.
             Was the Champion of Kikubaaqudgha.
             Killed from afar by a will-o-the-wisp (10 damage)
             ... with a foxfire
             ... on level 2 of the Swamp on Oct 1, 2023.
             The game lasted 01:53:37 (29078 turns).

Shayle the Lord of Darkness (Demonspawn Reaver)    Turns: 29078, Time: 01:53:38

Health: -7/122     AC:  8    Str: 13    XL:     15   Next: 30%
Magic:  0/22       EV: 12    Int: 27    God:    Kikubaaqudgha [******]
Gold:   2202       SH:  0    Dex: 12    Spells: 4/23 levels left

rFire   . . .        a - +8 quick blade (pain)
rCold   . . .        (no shield)
rNeg    . . .        P - +2 steam dragon scales
rPois   .            (helmet unavailable)
rElec   .            C - +2 cloak
rCorr   .            q - +1 Delatra's gloves {ID++}
SInv    +            i - +1 pair of boots
Will    +....        (no amulet)
Stlth   +            e - +4 ring of slaying
HPRegen 0.40/turn    b - +6 ring of intelligence
MPRegen 0.36/turn

%: random rage (3%), guardian spirit
@: corroded
A: antennae 3, yellow scales 1, foul stench 1, magic shield, magic regeneration,
berserk 1, mutation resistance 1, wild magic 1
a: Renounce Religion, Unearth Wretches, Torment


You were on level 2 of the Swamp.
You worshipped Kikubaaqudgha.
Kikubaaqudgha was exalted by your worship.
You visited 5 branches of the dungeon, and saw 25 of its levels.
You also visited: Ossuary.

You collected 2356 gold pieces.
You spent 154 gold pieces at shops.

Inventory:

Hand Weapons
 a - a +8 quick blade of pain (weapon)
 j - a +0 lajatang of electrocution
 n - the +7 mace of the Girdle {venom, rElec Dex+5}
   (You found it on level 3 of the Dungeon)

   Dex+5:     It affects your dexterity (+5).
   rElec:     It insulates you from electricity.
 B - the +5 hammer "Xuado" {heavy, Str-2 Int+4}
   (You found it on level 5 of the Dungeon)

   Str-2:     It affects your strength (-2).
   Int+4:     It affects your intelligence (+4).
 J - a +2 heavy scythe
 O - a +0 heavy broad axe
Missiles
 f - 5 throwing nets
Armour
 i - a +1 pair of boots (worn)
 q - the +1 Delatra's gloves (worn) {ID++}
   (You found it on level 2 of the Dungeon)

   ID++:      It heals its wearer when they drink unknown potions, and restores
   their MP when they read unknown scrolls.
 A - a +2 troll leather armour {Snorg}
 C - a +2 cloak (worn)
 P - +2 steam dragon scales (worn)
Jewellery
 b - a +6 ring of intelligence (right hand)
 e - a +4 ring of slaying (left hand)
 g - a +5 ring of evasion
 k - a +5 ring of evasion
 z - a ring of positive energy
 F - a +6 ring of intelligence
Wands
 r - a wand of mindburst (2)
 G - a wand of flame (10)
 N - a wand of polymorph (10)
 Q - a wand of charming (17)
 T - a wand of iceblast (2)
Scrolls
 d - 4 scrolls of vulnerability
 u - 4 scrolls of noise
 v - 3 scrolls of identify
 w - a scroll of amnesia
 D - 2 scrolls of poison
 E - a scroll of enchant weapon
 H - 4 scrolls of fog
 M - 2 scrolls of immolation
 R - a scroll of torment
Potions
 c - 4 potions of lignification
 o - a potion of resistance
 s - 3 potions of mutation
 x - 3 potions of might
 L - a potion of ambrosia
 S - a potion of berserk rage
 U - a potion of magic
Miscellaneous
 h - a tin of tremorstones (2/2)
 K - a phantom mirror (inert)


   Skills:
 - Level 12.4 Fighting
 - Level 2.6 Polearms
 - Level 11.3 Armour
 - Level 1.7 Dodging
 - Level 4.8 Spellcasting
 - Level 7.4 Conjurations
 + Level 18.0 Necromancy
 - Level 6.0 Air Magic
 - Level 6.3 Earth Magic
 - Level 6.4 Poison Magic


You had 4 spell levels left.
You knew the following spells:

 Your Spells              Type           Power      Damage    Failure   Level
a - Kiss of Death         Conj/Necr      100%       2d13      1%          1
b - Mephitic Cloud        Conj/Pois/Air  53%        N/A       2%          3
c - Vampiric Draining     Necr           94%        2d12      1%          3
d - Ignite Poison         Fire/Tmut/Pois 23%        N/A       13%         3
e - Borgnjor's Vile Clut  Necr/Erth      38%        N/A       2%          5
f - Anguish               Hex/Necr       32%        N/A       3%          4

Your spell library contained the following spells:

 Spells                   Type           Power      Damage    Failure   Level
 Necrotise                Necr           100%       1d9       1%          1
 Cigotuvi's Dreadful Rot  Necr/Pois/Air  100%       N/A       1%          2
 Poisonous Vapours        Pois/Air       100%       N/A       1%          2
 Sublimation of Blood     Necr           94%        N/A       1%          2
 Dispel Undead            Necr           94%        3d30      1%          4
 Foxfire                  Conj/Fire      100%       2x1d9     3%          1
 Momentum Strike          Conj/Tloc      68%        3d9       4%          2
 Hailstorm                Conj/Ice       34%        3d9       8%          3
 Apportation              Tloc           16%        N/A       12%         1
 Jinxbite                 Hex            16%        N/A       16%         2
 Lesser Beckoning         Tloc           16%        N/A       16%         2
 Flame Wave               Conj/Fire      34%        2d10      22%         4
 Sticky Flame             Conj/Fire      34%        2d5       22%         4
 Leda's Liquefaction      Hex/Erth       15%        N/A       28%         4
 Call Canine Familiar     Summ           8%         N/A       30%         3
 Gell's Gravitas          Tloc           8%         N/A       30%         3
 Inner Flame              Hex/Fire       8%         N/A       30%         3
 Sigil of Binding         Hex            8%         N/A       30%         3
 Teleport Other           Tloc           8%         N/A       30%         3
 Dimensional Bullseye     Hex/Tloc       4%         N/A       67%         4
 Agony                    Necr           94%        N/A       1%          5
 Borgnjor's Revivificati  Necr           47%        N/A       38%         8
 Freezing Cloud           Conj/Ice/Air   19%        6-21      41%         5
 Alistair's Intoxication  Tmut/Pois      20%        N/A       56%         5
 Haunt                    Necr/Summ      32%        N/A       88%         7
 Starburst                Conj/Fire      17%        6d6       96%         6
 Plasma Beam              Fire/Air       14%        2x1d25    98%         6
 Death's Door             Necr           47%        N/A       99%         9
 Ignition                 Fire           4%         3d4       100%        8


Dungeon Overview and Level Annotations

Branches:
Dungeon (15/15)            Temple (1/1) D:4            Lair (5/5) D:9
  Swamp (2/4) Lair:3       Spider (0/4) Lair:2        Slime (0/5) Lair:4
    Orc (2/2) D:12            Elf (0/3) Orc:2       Ossuary (visited)
 Vaults: D:13-14     Depths: D:15

Altars:
Ashenzari
Cheibriados
Dithmenos
Fedhas
Gozag
Hepliaklqana
Kikubaaqudgha
Makhleb
Nemelex Xobeh
Okawaru
Qazlal
Ru
Sif Muna
Trog
Uskayaw
Vehumet
Wu Jian
Xom
Yredelemnul
Jiyva

Shops:
D:6 [   D:7 [   D:11 !   Orc:2 (=:?(

Annotations:
D:6 2 runed translucent doors, awesomeguy42's ghost, novice HuNe
D:11 1 runed translucent door, beavisfan's ghost, journeyman FeCK
D:14 Roxanne


Innate Abilities, Weirdness & Mutations

You have a pair of large antennae on your head. (SInv)
You are partially covered in yellow scales. (AC +2)
You may rarely emit foul miasma when damaged in melee.
When hurt, damage is shared between your health and your magic reserves.
You regenerate magic rapidly.
You sometimes lose your temper in combat.
You are somewhat resistant to further mutation.
Your spells are a little harder to cast, but a little more powerful.


Message History

The swamp drake is engulfed in dark miasma.
The swamp drake seems to slow down.
Okay, then.
Okay, then.
Casting: Ignite Poison (mildly dangerous; 13% risk of failure)
Confirm with . or Enter, or press ? or * to list all spells.
Okay, then.
You hit the swamp drake but do no damage.
The swamp drake writhes in agony.
You hit the swamp drake.
The swamp drake writhes in agony.
The swamp drake is severely wounded.
The swamp drake is no longer moving slowly.
The swamp drake breathes poison at you.
The noxious blast engulfs you but does no damage.
You are poisoned.
Unknown command.
You hit the swamp drake but do no damage.
The swamp drake writhes in agony!
You hit the swamp drake but do no damage.
The swamp drake writhes in agony!
You kill the swamp drake!
Kikubaaqudgha accepts your kill.
You are engulfed in noxious fumes.
* * * LOW HITPOINT WARNING * * *
You feel sick.
Unknown command.
You are engulfed in noxious fumes.
You choke on the stench!
You are confused.
You feel sick.
You are no longer poisoned.
The will-o-the-wisp gestures.
The will-o-the-wisp conjures some marshlight!
Unknown command.
You are too confused!
Okay, then.
A foxfire comes into view. x2
You feel less confused. The foxfire hits you!
You die...
Kikubaaqudgha rasps: "You have failed me!
Welcome... death!"

,** **,~,~....~.~....♣
,~** *~,,,,....~..~^~~♣
~,~****,~~.~......~..~♣
~~,,,~~~~,,....v♣.....♣
~~,,~~~~,***.......~~.♣
~~,,~~~,,,,,,..§..~.~~♣
~~,~,,,,.###,#v##v....♣
~~,,,,,,.....#§#v.....♣
~,~~~~,,.......§@.○.~♣♣
,,,~~,,**..#.w...†.~.~♣
*~,~~~,*#..........~.~♣
~~,,,,,*.....###.....~♣
,~~*~,,*....,*,#...~..♣
~,,,,~,,...,,*,#...~..♣
*,,~,~~*..*,,,,..~~~~.♣
**~,,~**♣,,,,,,.~....♣♣
****** **,,,,~~=.~♣♣♣


You could see a tyrant leech and a will-o-the-wisp.

Vanquished Creatures
  Jorgrun (Orc:1)
  An orc warlord (Orc:1)
  4 eleionomae
  Snorg (Lair:3)
  A hydra (Swamp:1)
  Erica (Orc:1)
  An alligator (Swamp:2)
  A centaur warrior (D:13)
  A merfolk avatar (Lair:5)
  3 boulder beetles
  9 two-headed ogres
  A tengu warrior (D:11)
  6 death yaks (Lair:1)
  Urug (Lair:4)
  4 orc high priests
  7 skeletal warriors
  Lodul (D:13)
  3 skysharks
  3 goliath frogs
  A sea snake (Lair:5)
  4 orc knights (Orc:2)
  A deep elf pyromancer (D:13)
  A necromancer (D:12)
  A lindwurm (Lair:4)
  A harpy (Lair:5)
  6 orc sorcerers (Orc:2)
  2 ugly things
  3 manticores (Lair:5)
  6 elephants (Lair:5)
  3 cyclopes
  Maurice (D:13)
  2 black mambas
  A gargoyle (D:11)
  17 cane toads
  Maggie (D:6)
  8 rime drakes
  An unseen horror (D:11)
  A tengu conjurer (D:14)
  15 komodo dragons
  3 polar bears
  A bloated husk (Swamp:1)
  3 trolls
  3 hornets
  3 tyrant leeches
  13 blink frogs
  A dream sheep (shapeshifter) (D:13)
  Sigmund (D:5)
  A slime creature (D:9)
  2 spriggans (Swamp:2)
  40 yaks
  A shadow (D:12)
  3 wyverns
  3 fire bats (Lair:1)
  3 wraiths
  Grum (D:8)
  4 basilisks
  A steam dragon (D:7)
  7 vampire mosquitoes
  Menkaure (D:7)
  Edmund (D:6)
  A warg (Orc:2)
  6 swamp worms (Swamp:1)
  2 acid dragons
  14 water moccasins
  Duvessa (D:7)
  A swamp drake (Swamp:2)
  An ice beast (D:7)
  22 orc warriors
  A sky beast (D:7)
  5 black bears
  8 wolves
  12 ogres
  15 centaurs
  3 phantoms
  A kobold brigand (D:7)
  17 bullfrogs
  4 scorpions
  5 necrophages (D:8)
  A gnoll sergeant (D:13)
  Dowan (D:7)
  28 killer bees
  6 electric eels (D:9)
  2 howler monkeys
  5 hounds
  Crazy Yiuf (D:5)
  17 orc priests
  Ijyb (D:4)
  Jessica (D:3)
  2 gnoll boudas
  3 iguanas
  Terence (D:2)
  A sleepcap (D:6)
  17 orc wizards
  A polar bear simulacrum (D:12)
  A yak simulacrum (D:12)
  2 wolf simulacra (D:12)
  A mummy (Ossuary)
  A howler monkey zombie (D:8)
  Robin (D:1)
  13 gnolls
  6 adders
  A shadow imp (D:6)
  3 white imps
  2 ufetubi (D:5)
  A dart slug (D:1)
  83 orcs
  A spectral bat (Ossuary)
  4 endoplasms
  2 giant cockroaches
  12 gnoll zombies (Ossuary)
  17 goblins
  10 hobgoblins
  6 jackals
  12 kobolds
  6 quokkas
  6 ball pythons
  5 bats
  3 bat simulacra (Ossuary)
  3 frilled lizards (D:1)
  2 goblin simulacra (Ossuary)
  3 goblin zombies (Ossuary)
  5 hobgoblin zombies (Ossuary)
  3 kobold simulacra (Ossuary)
  6 kobold zombies (Ossuary)
  4 orc zombies (Ossuary)
  A quokka zombie (D:5)
  8 rats
  3 rat simulacra (Ossuary)
  A rat zombie (D:5)
  7 river rat simulacra (D:12)
  A spectral goblin (Ossuary)
  A spectral kobold (Ossuary)
  2 spectral rats (Ossuary)
678 creatures vanquished.

Vanquished Creatures (collateral kills)
  A wyvern (D:10)
  A warg (Orc:2)
  A bullfrog (D:9)
  4 killer bees
7 creatures vanquished.

Vanquished Creatures (others)
  A tyrant leech (Swamp:1)
  A water moccasin (Lair:1)
  2 killer bees (D:9)
  2 orcs (D:12)
6 creatures vanquished.

Grand Total: 691 creatures vanquished

Notes
Turn   | Place    | Note
-------+----------+-------------------------------------------
     0 | D:1      | Shayle the Demonspawn Reaver began the quest for the Orb.
     0 | D:1      | Reached XP level 1. HP: 16/16 MP: 3/3
   287 | D:1      | Gained mutation: You regenerate magic rapidly. [demonic
                  | ancestry]
   287 | D:1      | Reached XP level 2. HP: 20/22 MP: 5/5
   500 | D:1      | Reached skill level 1 in Necromancy
   898 | D:2      | Reached skill level 1 in Armour
   985 | D:2      | Reached XP level 3. HP: 17/28 MP: 6/6
  1229 | D:3      | Noticed Jessica
  1244 | D:3      | Killed Jessica
  1245 | D:3      | Gained mutation: You are partially covered in yellow
                  | scales. (AC +2) [demonic ancestry]
  1245 | D:3      | Reached XP level 4. HP: 26/30 MP: 6/8
  1319 | D:3      | Reached skill level 2 in Necromancy
  1411 | D:3      | Identified the +7 mace of the Girdle {venom, rElec Dex+5}
  1748 | D:2      | Noticed Robin
  1955 | D:2      | Reached XP level 5. HP: 41/41 MP: 9/9
  2013 | D:2      | Noticed Terence
  2023 | D:2      | Killed Terence
  2087 | D:2      | Found a faded altar of an unknown god.
  2232 | D:2      | Found the +1 Delatra's gloves {ID++}
  2250 | D:1      | Killed Robin
  2912 | D:4      | Found a staircase to the Ecumenical Temple.
  2927 | Temple   | Entered the Ecumenical Temple
  3005 | Temple   | Became a worshipper of Kikubaaqudgha
  3576 | D:4      | Reached skill level 3 in Necromancy
  3576 | D:4      | Reached XP level 6. HP: 47/47 MP: 11/11
  3973 | D:4      | Noticed Ijyb
  3989 | D:4      | Killed Ijyb
  4019 | D:4      | Learned a level 3 spell: Mephitic Cloud
  4109 | D:5      | Entered Level 5 of the Dungeon
  4130 | D:5      | Identified the +5 hammer "Xuado" {heavy, Str-2 Int+4}
  4134 | D:5      | Found a runed translucent door.
  4135 | D:5      | Noticed Crazy Yiuf
  4142 | D:5      | Killed Crazy Yiuf
  4203 | D:5      | Reached * piety under Kikubaaqudgha
  4203 | D:5      | Received a gift from Kikubaaqudgha
  4217 | D:5      | Learned a level 3 spell: Vampiric Draining
  4224 | D:5      | Found a sand-covered staircase.
  4231 | Ossuary  | Entered an ossuary
  4290 | Ossuary  | Reached XP level 7. HP: 54/54 MP: 12/12
  4341 | Ossuary  | Reached ** piety under Kikubaaqudgha
  4734 | D:5      | Noticed Sigmund
  4737 | D:5      | Killed Sigmund
  4738 | D:5      | Reached skill level 1 in Air Magic
  4738 | D:5      | Reached skill level 1 in Poison Magic
  4815 | D:5      | Reached skill level 4 in Necromancy
  4828 | D:5      | Reached *** piety under Kikubaaqudgha
  4828 | D:5      | Received a gift from Kikubaaqudgha
  5142 | D:6      | Noticed awesomeguy42's ghost (novice HuNe)
  5142 | D:6      | Found a large runed translucent door.
  5142 | D:6      | Found a large runed translucent door.
  5240 | D:6      | Gained mutation: When hurt, damage is shared between your
                  | health and your magic reserves. [demonic ancestry]
  5240 | D:6      | Reached XP level 8. HP: 61/61 MP: 14/14
  5291 | D:6      | Found Sebbal's Antique Armour Shop.
  5761 | D:6      | Reached skill level 5 in Fighting
  5766 | D:6      | Reached skill level 5 in Necromancy
  5912 | D:6      | Learned a level 3 spell: Ignite Poison
  5978 | D:6      | Gained mutation: You have a pair of small antennae on your
                  | head. [demonic ancestry]
  5978 | D:6      | Reached XP level 9. HP: 65/68 MP: 16/16
  6099 | D:6      | Noticed Edmund
  6113 | D:6      | Killed Edmund
  6269 | D:7      | Noticed Maggie
  6307 | D:6      | Killed Maggie
  6339 | D:7      | Reached skill level 5 in Conjurations
  6394 | D:7      | Reached skill level 5 in Armour
  6394 | D:7      | Reached **** piety under Kikubaaqudgha
  6397 | D:7      | Reached skill level 6 in Necromancy
  6485 | D:7      | Noticed Menkaure
  6491 | D:7      | Killed Menkaure
  6563 | D:7      | Gained mutation: Your spells are a little harder to cast,
                  | but a little more powerful. [potion of mutation]
  6563 | D:7      | Gained mutation: You occasionally lose the ability to drink
                  | potions when taking damage. [potion of mutation]
  6563 | D:7      | Gained mutation: You are dopey. (Int -2) [potion of
                  | mutation]
  6563 | D:7      | Gained mutation: You are somewhat resistant to further
                  | mutation. [potion of mutation]
  6668 | D:8      | Lost mutation: You are dopey. (Int -2) [potion of mutation]
  6668 | D:8      | Lost mutation: You are somewhat resistant to further
                  | mutation. [potion of mutation]
  6668 | D:8      | Gained mutation: You are somewhat resistant to further
                  | mutation. [potion of mutation]
  6668 | D:8      | Gained mutation: Your magical capacity is low. (-10% MP)
                  | [potion of mutation]
  6877 | D:8      | Reached XP level 10. HP: 54/77 MP: 9/15
  6880 | D:8      | Noticed Grum
  6885 | D:8      | Killed Grum
  6974 | D:7      | Found Susa Lotoq's Armour Shop.
  7046 | D:7      | Found an opulent altar of Gozag.
  7226 | D:7      | Noticed Duvessa
  7226 | D:7      | Noticed Dowan
  7237 | D:7      | Killed Dowan
  7238 | D:7      | Killed Duvessa
  7239 | D:7      | Reached skill level 5 in Poison Magic
  7309 | D:7      | Found a broken altar of Ashenzari.
  7703 | D:8      | Found a blossoming altar of Fedhas.
  7986 | D:8      | Noticed a two-headed ogre
  7994 | D:8      | Killed a two-headed ogre
  7995 | D:8      | Reached skill level 7 in Necromancy
  8495 | D:8      | Reached skill level 5 in Air Magic
  8784 | D:9      | Found a staircase to the Lair.
  8789 | D:9      | Noticed a two-headed ogre
  8823 | D:9      | Killed a two-headed ogre
  8829 | D:9      | Reached XP level 11. HP: 64/84 MP: 3/16
  9027 | D:9      | Noticed a two-headed ogre
  9032 | D:9      | Killed a two-headed ogre
  9032 | D:9      | Reached ***** piety under Kikubaaqudgha
  9290 | D:9      | Reached skill level 8 in Necromancy
 10104 | D:9      | Found a sacrificial altar of Ru.
 10293 | Lair:1   | Entered Level 1 of the Lair of Beasts
 10328 | D:9      | Learned a level 5 spell: Borgnjor's Vile Clutch
 10394 | D:10     | Entered Level 10 of the Dungeon
 10407 | D:10     | Reached skill level 1 in Earth Magic
 10577 | D:10     | Noticed a two-headed ogre
 10585 | D:10     | Killed a two-headed ogre
 10884 | D:10     | Noticed a two-headed ogre
 10895 | D:10     | Killed a two-headed ogre
 11425 | Lair:1   | Reached skill level 9 in Necromancy
 11946 | Lair:1   | Reached XP level 12. HP: 94/94 MP: 11/17
 12202 | Lair:1   | Noticed a death yak
 12202 | Lair:1   | Noticed a death yak
 12202 | Lair:1   | Noticed a death yak
 12202 | Lair:1   | Noticed a death yak
 12202 | Lair:1   | Noticed a death yak
 12206 | Lair:1   | Noticed a death yak
 12212 | Lair:1   | Killed a death yak
 12212 | Lair:1   | Killed a death yak
 12222 | Lair:1   | Killed a death yak
 12225 | Lair:1   | Killed a death yak
 12232 | Lair:1   | Killed a death yak
 12236 | Lair:1   | Reached skill level 10 in Necromancy
 12239 | Lair:1   | Killed a death yak
 13060 | Lair:2   | Reached skill level 5 in Earth Magic
 13276 | Lair:2   | Found a hole to the Spider Nest.
 13931 | Lair:2   | Reached skill level 10 in Fighting
 14386 | Lair:3   | Found a staircase to the Swamp.
 14387 | Lair:3   | Noticed Snorg
 14397 | Lair:3   | Killed Snorg
 15692 | Lair:4   | Found a staircase to the Slime Pits.
 15692 | Lair:4   | Found a viscous altar of Jiyva.
 15818 | Lair:4   | Gained mutation: You may rarely emit foul miasma when
                  | damaged in melee. [demonic ancestry]
 15818 | Lair:4   | Reached XP level 13. HP: 103/103 MP: 7/18
 15831 | Lair:4   | Noticed Urug
 15832 | Lair:4   | Reached skill level 11 in Necromancy
 15848 | Lair:4   | Killed Urug
 16466 | Lair:5   | Entered Level 5 of the Lair of Beasts
 16760 | Lair:5   | Identified a scroll of acquirement
 16760 | Lair:5   | Acquired a Necronomicon
 17408 | Lair:4   | Reached ****** piety under Kikubaaqudgha
 17677 | Lair:5   | Reached skill level 10 in Armour
 18099 | Lair:5   | Reached skill level 12 in Necromancy
 19003 | Lair:5   | Identified the +6 demon trident "Jutwitux" {venom, rN++
                  | Str+3 Int-5 Dex-5}
 20313 | D:10     | Found a shimmering blue altar of Sif Muna.
 20348 | D:10     | Gained mutation: You have a pair of antennae on your head.
                  | [demonic ancestry]
 20348 | D:10     | Reached XP level 14. HP: 101/115 MP: 1/19
 20844 | D:11     | Found Rueqo's Distillery.
 20853 | D:11     | Bought a potion of curing for 42 gold pieces
 20853 | D:11     | Bought a potion of curing for 42 gold pieces
 20853 | D:11     | Bought a potion of heal wounds for 70 gold pieces
 21674 | D:11     | Reached skill level 13 in Necromancy
 21766 | D:11     | Found a runed translucent door.
 21766 | D:11     | Noticed beavisfan's ghost (journeyman FeCK)
 21805 | D:11     | Upgraded the game from 0.31-a0-844-gdc52ec4e09 to
                  | 0.31-a0-845-g9abc20d24f
 22046 | D:11     | Found the +18 Lear's hauberk
 22254 | D:12     | Identified a +6 quick blade of pain (a +4 quick blade of
                  | protection bloodied by Kikubaaqudgha)
 22254 | D:12     | Received a gift from Kikubaaqudgha
 23212 | D:12     | Found a staircase to the Orcish Mines.
 23677 | D:12     | Learned a level 4 spell: Anguish
 23724 | Orc:1    | Entered Level 1 of the Orcish Mines
 23839 | Orc:1    | Noticed Erica
 23849 | Orc:1    | Killed Erica
 24069 | Orc:1    | Noticed Jorgrun
 24090 | Orc:1    | Killed Jorgrun
 24369 | Orc:2    | Entered Level 2 of the Orcish Mines
 24369 | Orc:2    | Found Avaokargh's Weapon Boutique.
 24396 | Orc:2    | Noticed an orc warlord
 24416 | Orc:2    | Reached skill level 14 in Necromancy
 24427 | Orc:1    | Killed an orc warlord
 25194 | Orc:2    | Reached skill level 15 in Necromancy
 25544 | Orc:2    | Found Jeraz's Weapon Shoppe.
 25544 | Orc:2    | Found Paint's Magic Scroll Shoppe.
 25558 | Orc:2    | Found Jeumaix's Book Boutique.
 25558 | Orc:2    | Found Haineq's Jewellery Boutique.
 25649 | Orc:2    | Found a staircase to the Elven Halls.
 26188 | D:12     | Lost mutation: You occasionally lose the ability to drink
                  | potions when taking damage. [potion of mutation]
 26188 | D:12     | Lost mutation: Your magical capacity is low. (-10% MP)
                  | [potion of mutation]
 26188 | D:12     | Gained mutation: You sometimes lose your temper in combat.
                  | [potion of mutation]
 26506 | D:13     | Reached skill level 16 in Necromancy
 26562 | D:13     | Noticed Maurice
 26565 | D:13     | Killed Maurice
 27124 | D:13     | Gained mutation: You have a pair of large antennae on your
                  | head. (SInv) [demonic ancestry]
 27124 | D:13     | Reached XP level 15. HP: 52/122 MP: 11/22
 27299 | D:13     | Found a broken altar of Ashenzari.
 27314 | D:13     | Noticed Lodul
 27320 | D:13     | Killed Lodul
 27771 | D:14     | Reached skill level 17 in Necromancy
 27780 | D:14     | Noticed Roxanne
 27800 | D:15     | Entered Level 15 of the Dungeon
 28204 | Swamp:1  | Entered Level 1 of the Swamp
 29063 | Swamp:2  | Reached skill level 18 in Necromancy
 29066 | Swamp:2  | HP: 2/122 [spriggan druid/angry trees (9)]
 29071 | Swamp:2  | HP: 3/122 [swamp drake (2)]
 29076 | Swamp:2  | HP: 2/122 [poisoned by a swamp drake (noxious blast)]
 29078 | Swamp:2  | Killed from afar by a will-o-the-wisp

Illustrated notes

Levels and vault maps discovered:
D:1:      evilmike_arrival_fibonacci_small, layout_basic,
          corexii_leaking_fountain
D:2:      layout_basic, basic_ecumenical_altar, serial_bayou_crossing,
          uniq_robin, uniq_terence
D:3:      layout_basic, uniq_jessica
D:4:      kennysheep_goblin_castle, layout_loops_ring,
          minmay_temple_entry_gardened_gates, nicolae_figureground_sparkle
D:5:      layout_rooms, enter_ossuary_4, minmay_misc_feat_room, uniq_ijyb,
          uniq_sigmund, uniq_crazy_yiuf_cottage
D:6:      layout_gridville, serial_shops, nicolae_shop_real_fake_doors,
          ebering_ghost_disaster_area, minmay_misc_feat_cross,
          grunt_decor_junction, uniq_edmund
D:7:      layout_rooms, kennysheep_mini_moat, mainiacjoe_overflow_24_doors,
          serial_shops, shop, grunt_ministairs_2, uniq_duvessa, uniq_maggie,
          uniq_menkaure
D:8:      layout_basic, fedhas_altar_decomposition, uniq_grum
D:9:      cheibrodos_two_vegetables, layout_basic,
          nicolae_ru_the_path_less_chosen, due_lair_maze_entry_diamond
D:10:     layout_irregular_city, nicolae_overflow_hidden_temple, grunt_ogre_cave
D:11:     layout_roguey, gammafunk_ghost_grave, serial_shops, shop,
          kennysheep_dice
D:12:     layout_loops_corners, hiddenorc2_lemuel, eino_house_with_fridge
D:13:     layout_rooms, evilmike_ruin_ashenzari, uniq_lodul, uniq_maurice
D:14:     minmay_nested_s, layout_irregular_city,
          hellmonk_vaults_attempted_burglary, minmay_tree_intersection,
          uniq_roxanne, uniq_azrael, uniq_nessos, uniq_kirke
D:15:     hellmonk_depths_entry_around_the_bend, layout_layer_cave,
          serial_shops, nicolae_shop_gibbet_a_chance, worms_lemuel
Temple:   minmay_temple_bridge_d
Lair:1:   layout_small_grid, serial_rivers, chequers_serial_rivers_large_b,
          chequers_serial_rivers_micro_c, chequers_serial_rivers_room_a,
          chequers_serial_rivers_small_a, chequers_serial_rivers_small_a,
          nicolae_volcano_entry_batcave
Lair:2:   layout_roguey, spider_nest_entry_web_field,
          chequers_serial_rivers_micro_a
Lair:3:   layout_chaotic_city, swamp_mist, minmay_lindwurm_lava, uniq_snorg
Lair:4:   layout_roguey, slime_entry_1, serial_bayou_pond_d, uniq_urug
Lair:5:   gammafunk_lair_ancient_temple, layout_layer_cave
Swamp:1:  layout_falls_marsh, hangedman_swamp_diagram, uniq_frances, uniq_louise
Swamp:2:  cheibrodos_swamp_heart_of_darkness, layout_basic_swamp,
          portal_ice_cave_entry_horrid_things, evilmike_swamp_ruin_rubble_1,
          swamp_pool5, infiniplex_staircase_pool_2
Orc:1:    layout_diamond_mine, bh_open_orc_temple, uniq_erica, uniq_jorgrun
Orc:2:    st_orc_elflike, layout_caves, serial_shops,
          nicolae_shop_just_a_little_nook

Skill      XL: |  1  2  3  4  5  6  7  8  9 10 11 12 13 14 15 |
---------------+----------------------------------------------+-----
Necromancy     | 1 2 3 4 5 6 7 9 10 12 16 18 | 18.0
Armour         | 1 2 3 4 5 6 7 9 10 11 | 11.3
Fighting       | 3 4 5 6 7 8 10 12 | 12.4
Spellcasting   | 3 4 |  4.8
Air Magic      | 1 3 4 5 6 |  6.0
Poison Magic   | 1 3 4 5 6 |  6.4
Conjurations   | 4 5 6 7 |  7.4
Earth Magic    | 3 5 6 |  6.3
Polearms       | |  2.6
Dodging        | |  1.7

Action                     |  1- 3 |  4- 6 |  7- 9 | 10-12 | 13-15 || total
---------------------------+-------+-------+-------+-------+-------++-------
  Melee: Spear             |   131 |       |       |       |       ||   131
         Punch             |     1 |     1 |     2 |     3 |    14 ||    21
         Mace              |       |   152 |   224 |   313 |   245 ||   934
         Dagger            |       |    18 |       |       |       ||    18
         Quick blade       |       |       |       |       |   385 ||   385
   Cast: Kiss of Death     |     2 |       |       |       |       ||     2
         Mephitic Cloud    |       |       |     1 |    71 |   100 ||   172
         Ignite Poison     |       |       |       |    52 |    76 ||   128
         Vampiric Draining |       |       |       |     8 |       ||     8
         Borgnjor's Vile C |       |       |       |    33 |   156 ||   189
         Anguish           |       |       |       |       |     1 ||     1
 Invoke: Brand Weapon With |       |       |       |       |     1 ||     1
  Evoke: Wand              |       |       |    16 |    10 |    21 ||    47
         Phantom mirror    |       |       |       |       |     2 ||     2
    Use: Potion            |     1 |       |     3 |    12 |    18 ||    34
         Scroll            |       |       |     3 |    13 |    25 ||    41
   Stab: Confused          |       |       |       |    15 |    12 ||    27
         Invisible         |       |       |       |       |     1 ||     1
         Sleeping          |       |       |       |       |     1 ||     1
 Armour: Leather armour    |    73 |    37 |       |       |       ||   110
         Ring mail         |       |   102 |   134 |       |       ||   236
         Steam dragon scal |       |       |    79 |   376 |   574 ||  1029
         Skin              |       |       |       |       |    17 ||    17
  Dodge: Dodged            |    71 |   116 |   166 |   291 |   369 ||  1013

Table legend: (Time is in decaauts)
 A = Elapsed time spent in this place.
 B = Non-inter-level travel time spent in this place.
 C = Inter-level travel time spent in this place.
 D = Time resting spent in this place.
 E = Time spent auto-exploring this place.
 F = Levels seen in this place.
 G = Mean time per level.
                   A        B        C        D        E       F      G
               +--------+--------+--------+--------+--------+-----+--------+
         Total |  29711 |  28022 |   1689 |   7724 |  13685 |  26 | 1142.7 |
       Dungeon |  16946 |  15868 |   1078 |   3720 |   8528 |  15 | 1129.7 |
        Temple |    151 |      1 |    150 |      0 |      0 |   1 |  151.0 |
          Lair |   9173 |   8777 |    396 |   2886 |   4308 |   5 | 1834.6 |
         Swamp |    916 |    916 |      0 |    495 |     55 |   2 |  458.0 |
  Orcish Mines |   2022 |   1958 |     64 |    523 |    734 |   2 | 1011.0 |
       Ossuary |    499 |    499 |      0 |    100 |     60 |   1 |  499.0 |
               +--------+--------+--------+--------+--------+-----+--------+

Top non-repeatable levels by time:
  Lair:5: 2666 daAuts
  Lair:4: 2389 daAuts
    D:12: 2177 daAuts
     D:9: 1995 daAuts
  Lair:1: 1557 daAuts
  Lair:2: 1488 daAuts
    D:13: 1476 daAuts
    D:11: 1461 daAuts
     D:8: 1435 daAuts
    D:10: 1395 daAuts
     D:6: 1258 daAuts
   Orc:1: 1215 daAuts
     D:4: 1148 daAuts
  Lair:3: 1071 daAuts
     D:3: 1062 daAuts
